 Dungeon Sprint DCSS version 0.29-a0-620-g13ace881f2 (webtiles) character file.

Game seed: 16227029395753311759

3025 rocky1 the Grappler (level 9, -9/93 HPs)
             Began as a Red Draconian Transmuter on June 19, 2022.
             Was a High Priest of Sif Muna.
             Killed from afar by an efreet (30 damage)
             ... with a fireball
             ... in the Dungeon (Sprint VII: "The Pits").
             The game lasted 00:07:25 (1739 turns).

rocky1 the Grappler (Red Draconian Transmuter)      Turns: 1739, Time: 00:07:25

Health: -9/93      AC:  7    Str: 13    XL:     9   Next: 55%
Magic:  14/20      EV: 13    Int: 18    God:    Sif Muna [*****.]
Gold:   0          SH:  0    Dex: 11    Spells: 13/23 levels left

rFire   x . .      SeeInvis .     - Unarmed
rCold   + + +      Faith    .   (shield currently unavailable)
rNeg    . . .      Spirit   .   (body armour unavailable)
rPois   +          Reflect  .   (helmet currently unavailable)
rElec   .          Harm     .   (cloak currently unavailable)
rCorr   .          Rampage  .   (gloves currently unavailable)
Will    .....      NoTele   +   (boots currently unavailable)
Stlth   +.........              (no amulet)
HPRegen 0.25/turn               (no ring)
MPRegen 0.17/turn               (no ring)

@: ice-form
A: freezing attack, amphibious, boosted hp, (breathe fire), AC +7, large,
unfitting armour, (fire resistance 1), (cold-blooded)
a: End Transformation, Renounce Religion, Channel Magic, Forget Spell, Divine
Exegesis


You were in the Dungeon.
You worshipped Sif Muna.
Sif Muna was extremely pleased with you.
You were a creature of crystalline ice.
You visited 1 branch

Inventory:

Armour
 o - a +0 cloak (melded)
Jewellery
 k - a +3 ring of evasion
 l - a +3 ring of strength
Scrolls
 g - a scroll of blinking
 i - 5 scrolls of amnesia
 j - a scroll of summoning
Potions
 a - a potion of lignification
 b - 6 potions of curing
 c - 5 potions of heal wounds
 d - 2 potions of haste
 e - 4 potions of magic
 h - 2 potions of invisibility
 m - 3 potions of brilliance
 n - 2 potions of mutation


   Skills:
 + Level 6.9 Fighting
 + Level 10.1 Dodging
 - Level 0.2 Stealth
 + Level 14.5 Unarmed Combat
 + Level 7.6 Spellcasting
 + Level 7.9 Transmutations
 - Level 1.5 Ice Magic
 * Level 4.2 Invocations


You had 13 spell levels left.
You knew the following spells:

 Your Spells              Type           Power      Damage    Failure   Level
a - Beastly Appendage     Tmut           70%        N/A       1%          1
b - Wereblood             Tmut           35%        N/A       1%          2
c - Spider Form           Tmut/Pois      21%        N/A       6%          3
d - Ice Form              Ice/Tmut       23%        N/A       14%         4

Your spell library contained the following spells:

 Spells                   Type           Power      Damage    Failure   Level
 Shock                    Conj/Air       24%        1d4       11%         1
 Ignite Poison            Fire/Tmut/Pois 16%        N/A       11%         3
 Searing Ray              Conj           12%        2d4       16%         2
 Petrify                  Tmut/Erth      21%        N/A       21%         4
 Call Canine Familiar     Summ           6%         N/A       30%         3
 Mephitic Cloud           Conj/Pois/Air  6%         N/A       30%         3
 Freezing Cloud           Conj/Ice/Air   4%         6-21      93%         5
 Lightning Bolt           Conj/Air       3%         1d14      96%         5
 Monstrous Menagerie      Summ           3%         N/A       100%        7
 Storm Form               Tmut/Air       10%        N/A       100%        7


Dungeon Overview and Level Annotations

Branches:
Dungeon (1/1)

Altars:
Ashenzari
Cheibriados
Dithmenos
Elyvilon
Fedhas
Gozag
Hepliaklqana
Kikubaaqudgha
Makhleb
Nemelex Xobeh
Okawaru
Qazlal
Ru
Sif Muna
Trog
Uskayaw
Vehumet
Wu Jian
Xom
Yredelemnul
Zin
The Shining One
Beogh
Jiyva
Lugonu


Innate Abilities, Weirdness & Mutations

You are a creature of crystalline ice.
You have a powerful freezing melee attack.
You are amphibious.
Your maximum health is increased.
Your armour is entirely melded.
You are incapable of wielding weapons or throwing items.
((You can breathe blasts of fire.))
((Your fiery red scales are hard. (AC +7)))
You cannot fit into any form of body armour.
((Your flesh is heat resistant. (rF+)))
((You are cold-blooded and may be slowed by cold attacks.))


Message History

Unknown command.
Your magical contamination has completely faded away.
Okay, then.
You open the door.
An efreet and 5 dream sheep come into view.
The efreet is wielding a +3 scimitar of flaming.
The dream sheep bleats! x3
The dream sheep shake their wool and sparkle.
You feel drowsy...
You fall asleep.
The dream sheep bleats!
The dream sheep bites you!
You wake up.
You punch the dream sheep! You freeze the dream sheep.
The dream sheep is severely wounded.
You completely miss the dream sheep.
The dream sheep is severely wounded.
The dream sheep bites you.
You pummel the dream sheep!! You freeze the dream sheep.
You kill the dream sheep!
Sif Muna accepts your kill. The efreet gestures at you.
The fireball explodes!
The fireball engulfs you!! The fire burns you terribly!
Your Invocations skill increases to level 4!
Unknown command.
The efreet barely misses you.
There is an open door, spattered with blood here.
You see here a dream sheep corpse.
You hit the efreet. You freeze the efreet.
The efreet is lightly wounded.
You hit the efreet but do no damage.
The efreet is lightly wounded.
The dream sheep are wreathed in dream dust.
You feel drowsy...
You fall asleep.
The efreet hits you with a +3 scimitar of flaming!!
You wake up.
The efreet melts you!
* * * LOW HITPOINT WARNING * * *
You hit the efreet but do no damage.
The efreet is lightly wounded.
The efreet gestures at you.
The fireball explodes!
The fireball engulfs you!! The fire burns you terribly!
You die...

#####''######
...##''#####
...##......#
...##......#
...###....## #### ...#
##''## ###..+
...###.)..###....# +##
...##....††#....##Y..##
#####......'....YRYY..+
#####......#....##Y..##
.[.###....###....# +##
.[[# ##''## ###..+ .))#
#.)..# ####
.))##......#
.))##......#
############


You could see an efreet and 4 dream sheep.

Vanquished Creatures
  2 deep trolls (D)
  An eye of devastation (D)
  A red devil (D)
  A hornet (D)
  A dream sheep (D)
  A spriggan (D)
  A ynoxinul (D)
  A wyvern (D)
  A redback (D)
  A water moccasin (D)
  A sky beast (D)
  An ogre (D)
  A centaur (D)
  A scorpion (D)
  A gnoll shaman (D)
  An iron imp (D)
  4 gnolls (D)
  An adder (D)
  A river rat (D)
  3 ufetubi (D)
  2 ball pythons (D)
  2 bats (D)
  A bat zombie (D)
  An endoplasm (D)
  A hobgoblin (D)
  3 jackals (D)
  A ball python skeleton (D)
  A goblin (D)
  3 rats (D)
41 creatures vanquished.

Notes
Turn   | Place    | Note
-------+----------+-------------------------------------------
     0 | D        | rocky1 the Draconian Transmuter began the quest for the
                  | Orb.
     0 | D        | Reached XP level 1. HP: 16/16 MP: 3/3
    19 | D        | Found a bloodstained altar of Trog.
    19 | D        | Found a shimmering blue altar of Sif Muna.
    19 | D        | Found a viscous altar of Jiyva.
    19 | D        | Found a hazy altar of Hepliaklqana.
    19 | D        | Found an opulent altar of Gozag.
    20 | D        | Found a glowing golden altar of the Shining One.
    20 | D        | Found a glowing silver altar of Zin.
    20 | D        | Found a basalt altar of Yredelemnul.
    20 | D        | Found a shimmering altar of Xom.
    20 | D        | Found an ornate altar of the Wu Jian Council.
    20 | D        | Found a sacrificial altar of Ru.
    20 | D        | Found a stormy altar of Qazlal.
    20 | D        | Found an iron altar of Okawaru.
    20 | D        | Found a sparkling altar of Nemelex Xobeh.
    20 | D        | Found a burning altar of Makhleb.
    20 | D        | Found a blossoming altar of Fedhas.
    20 | D        | Found a white marble altar of Elyvilon.
    20 | D        | Found a shadowy altar of Dithmenos.
    20 | D        | Found a snail-covered altar of Cheibriados.
    22 | D        | Found a radiant altar of Vehumet.
    22 | D        | Found a corrupted altar of Lugonu.
    23 | D        | Found a hide-covered altar of Uskayaw.
    23 | D        | Found an ancient bone altar of Kikubaaqudgha.
    23 | D        | Found a broken altar of Ashenzari.
    25 | D        | Became a worshipper of Sif Muna the Loreminder
   105 | D        | Reached * piety under Sif Muna
   114 | D        | Reached skill level 4 in Unarmed Combat
   117 | D        | Reached ** piety under Sif Muna
   118 | D        | Reached XP level 2. HP: 14/23 MP: 5/5
   268 | D        | Reached *** piety under Sif Muna
   497 | D        | Noticed a scorpion
   498 | D        | Noticed an ogre
   514 | D        | Killed a scorpion
   515 | D        | Reached skill level 6 in Unarmed Combat
   515 | D        | Reached XP level 3. HP: 26/29 MP: 4/7
   515 | D        | Reached XP level 4. HP: 32/36 MP: 5/9
   523 | D        | Reached **** piety under Sif Muna
   540 | D        | Reached skill level 7 in Unarmed Combat
   551 | D        | Reached XP level 5. HP: 17/41 MP: 7/11
   554 | D        | Reached ***** piety under Sif Muna
   557 | D        | HP: 1/41 [ogre/+0 giant spiked club (20)]
   560 | D        | Killed an ogre
   561 | D        | Reached skill level 5 in Dodging
   561 | D        | Reached skill level 8 in Unarmed Combat
   705 | D        | Learned a level 2 spell: Wereblood
   709 | D        | Learned a level 3 spell: Spider Form
   714 | D        | Learned a level 4 spell: Ice Form
   930 | D        | Received a gift from Sif Muna
   933 | D        | Got Sif Muna's Handbook of Blows and Bruises {god gift}
  1008 | D        | Noticed a hornet
  1014 | D        | Killed a hornet
  1015 | D        | Reached skill level 10 in Unarmed Combat
  1015 | D        | Reached skill level 5 in Spellcasting
  1015 | D        | Reached skill level 5 in Transmutations
  1015 | D        | Reached XP level 6. HP: 21/51 MP: 11/13
  1260 | D        | Noticed a sky beast
  1260 | D        | Noticed a water moccasin
  1265 | D        | Killed a water moccasin
  1266 | D        | Your scales start taking on a fiery red colour.
  1266 | D        | Reached XP level 7. HP: 54/58 MP: 9/15
  1266 | D        | Gained mutation: Your flesh is heat resistant. (rF+) [Red
                  | Draconian growth]
  1275 | D        | Reached skill level 11 in Unarmed Combat
  1424 | D        | Noticed a deep troll
  1424 | D        | Noticed a deep troll
  1432 | D        | Killed a deep troll
  1433 | D        | Reached skill level 5 in Fighting
  1433 | D        | Reached skill level 12 in Unarmed Combat
  1433 | D        | Reached XP level 8. HP: 68/68 MP: 11/17
  1436 | D        | Killed a deep troll
  1436 | D        | Received a gift from Sif Muna
  1437 | D        | Reached skill level 13 in Unarmed Combat
  1439 | D        | Reached skill level 1 in Ice Magic
  1626 | D        | Noticed a red devil
  1629 | D        | Killed a red devil
  1630 | D        | Reached skill level 14 in Unarmed Combat
  1630 | D        | Reached XP level 9. HP: 75/75 MP: 16/19
  1632 | D        | Received a gift from Sif Muna
  1633 | D        | Got Zoota's Handbook of the Shifting Escort {god gift}
  1714 | D        | Noticed an eye of devastation
  1720 | D        | Reached skill level 1 in Invocations
  1725 | D        | Killed an eye of devastation
  1726 | D        | Reached skill level 10 in Dodging
  1730 | D        | Noticed an efreet
  1739 | D        | Killed from afar by an efreet

Illustrated notes

Levels and vault maps discovered:
D:        pitsprint [storerooms_1, entrance_room_1, metal_vault_2, armoury_3,
          mini_pit_1, grid_room_1, main_hall_1, silver_pit, the_coven_1,
          the_vestibule_1, steel_vault_4, golden_pit, hallway_of_sentries,
          crystal_vault_3, iron_vault_4, final_vault]

Skill      XL: |  1  2  3  4  5  6  7  8  9 |
---------------+----------------------------+-----
Dodging        | 2 3 4 6 7 8 9 10 | 10.1
Unarmed Combat | 4 6 7 10 12 14 | 14.5
Spellcasting   | 3 4 5 6 7 |  7.6
Transmutations | 3 4 5 6 7 |  7.9
Fighting       | 2 3 5 6 |  6.9
Ice Magic      | 1 |  1.5
Invocations    | 4 |  4.2
Stealth        | |  0.2

Action                   |  1- 3 |  4- 6 |  7- 9 || total
-------------------------+-------+-------+-------++-------
Melee: Unarmed           |    46 |    53 |    41 ||   140
       Kick              |     8 |    15 |       ||    23
       Headbutt          |     7 |     7 |       ||    14
       Tailslap          |     2 |    10 |       ||    12
       Punch             |     1 |     2 |       ||     3
 Cast: Beastly Appendage |     5 |     3 |       ||     8
       Ice Form          |       |     1 |     3 ||     4
  Use: Potion            |     1 |     5 |     2 ||     8
Armor: Skin              |    22 |     7 |    13 ||    42
Dodge: Dodged            |    46 |    26 |    24 ||    96

Table legend: (Time is in decaauts)
 A = Elapsed time spent in this place.
 B = Non-inter-level travel time spent in this place.
 C = Inter-level travel time spent in this place.
 D = Time resting spent in this place.
 E = Time spent auto-exploring this place.
 F = Levels seen in this place.
 G = Mean time per level.
                   A        B        C        D        E       F      G
               +--------+--------+--------+--------+--------+-----+--------+
         Total |   1749 |   1688 |     61 |   1239 |      0 |   1 | 1749.0 |
       Dungeon |   1749 |   1688 |     61 |   1239 |      0 |   1 | 1749.0 |
               +--------+--------+--------+--------+--------+-----+--------+

Top non-repeatable levels by time:
       D: 1749 daAuts
